 Dungeon Crawl Stone Soup version 0.26-a0-835-g8259106e14 (webtiles) character file.

Game seed: 17588669543518486216

49 Kinoniko the Chopper (level 3, -8/29 HPs)
             Began as a Demonspawn Fighter on Nov 17, 2020.
             Killed by divine providence
             ... invoked by an orc priest
              (13 damage)
             ... on level 3 of the Dungeon.
             The game lasted 00:01:36 (1969 turns).

Kinoniko the Chopper (Demonspawn Fighter)           Turns: 1969, Time: 00:01:36

Health: -8/29      AC:  7    Str: 17    XL:     3   Next: 51%
Magic:  3/3        EV: 10    Int:  9    God:
Gold:   131        SH:  0    Dex: 12    Spells: 2/2 levels left

rFire    . . .     SeeInvis .   a - +0 war axe
rCold    . . .     Faith    .   (no shield)
rNeg     . . .     Spirit   .   b - +0 scale mail
rPois    .         Reflect  .   m - +0 helmet
rElec    .         Harm     .   (no cloak)
rCorr    .         Rampage  .   (no gloves)
MR       .....                  (no boots)
Stlth    ..........             (no amulet)
HPRegen  0.09/turn              (no ring)
MPRegen  0.08/turn              (no ring)

@: no status effects
A: powered by pain 1, sturdy frame 1
a: no special abilities


You were on level 3 of the Dungeon.
You visited 1 branch of the dungeon, and saw 3 of its levels.

You collected 131 gold pieces.

Inventory:

Hand Weapons
 a - a +0 war axe (weapon)
Armour
 b - a +0 scale mail (worn)
 c - a +0 kite shield
 m - a +0 helmet (worn)
Scrolls
 e - a scroll of magic mapping {unknown}
 g - 2 scrolls of identify {unknown}
 h - a scroll of amnesia {unknown}
 o - a scroll of enchant armour {unknown}
Potions
 d - a potion of might
 f - a potion of attraction {unknown}
 i - 2 potions of curing {unknown}
 j - a potion of flight {unknown}
 k - a potion of resistance {unknown}
 l - 3 potions of magic {unknown}
 n - 2 potions of mutation {unknown}


   Skills:
 - Level 3.0 Fighting
 * Level 3.6 Axes
 - Level 2.6 Armour
 - Level 2.6 Shields


You had 2 spell levels left.
You didn't know any spells.
Your spell library was empty.

Dungeon Overview and Level Annotations

Branches:
Dungeon (3/15)

Altars:
Ru


Innate Abilities, Weirdness & Mutations

You sometimes gain a little power by taking damage.
Your movements are slightly less encumbered by armour. (ER -2)


Message History

Unknown command.
You barely miss the orc priest.
The orc priest is severely wounded.
You closely miss the orc. The orc barely misses you.
The orc priest hits you with a +0 club.
The orc priest hits you but does no damage.
You hit the orc priest but do no damage.
The orc priest is severely wounded.
You hit the orc wizard but do no damage.
The orc priest hits you but does no damage.
Unknown command.
You hit the orc priest.
The orc priest is almost dead.
You hit the orc wizard but do no damage.
The orc wizard gestures at you while chanting.
The magic dart hits you.
* * * LOW HITPOINT WARNING * * *
The orc priest mumbles some strange prayers to Beogh against you.
Beogh smites you!
You die...

#......# #.##.#<#
#.##.#.# #....#(#
## ####.#.# . #.
#.#.#.#
....##.#.#.#
.≈≈.........#
.≈.≈.....@oo#
.≈≈≈.#....o......
.....#..###.#.#.#
##.# #... .# # #.
#.## # # #. .. #.


You could see an orc priest, an orc wizard and an orc.

Vanquished Creatures
  An adder (D:2)
  An ooze (D:2)
  A worm (D:2)
  A dart slug (D:2)
  A leopard gecko (D:2)
  2 orcs (D:3)
  A giant cockroach (D:1)
  3 goblins
  8 bats
  3 frilled lizards
  5 kobolds
  5 rats
32 creatures vanquished.

Notes
Turn   | Place    | Note
-------+----------+-------------------------------------------
     0 | D:1      | Kinoniko the Demonspawn Fighter began the quest for the
                  | Orb.
     0 | D:1      | Reached XP level 1. HP: 18/18 MP: 1/1
   338 | D:1      | Gained mutation: Your movements are slightly less
                  | encumbered by armour. (ER -2) [demonic ancestry]
   338 | D:1      | Reached XP level 2. HP: 23/24 MP: 2/2
  1112 | D:2      | Found a faded altar of an unknown god.
  1172 | D:2      | Gained mutation: You sometimes gain a little power by
                  | taking damage. [demonic ancestry]
  1172 | D:2      | Reached XP level 3. HP: 29/29 MP: 3/3
  1840 | D:2      | Found a sacrificial altar of Ru.
  1969 | D:3      | Killed from afar by an orc priest

Illustrated notes

Levels and vault maps discovered:
D:1:      saegor_arrival_simple_c, layout_basic, grunt_decor_resistance,
          minmay_stone_trees_small
D:2:      layout_loops_ring, lemuel_coloured_pillars_altar,
          chequers_ecumenical_altar_simple
D:3:      layout_basic, hellmonk_ghost_happy_afterlife, serial_rivers,
          chequers_serial_rivers_small_3, chequers_serial_rivers_micro_c,
          chequers_serial_rivers_large_a, chequers_serial_rivers_large_b,
          eino_tiny_chamber, chequers_serial_rivers_room_a,
          minmay_pentomino_pile

Skill      XL: |  1  2 |
---------------+-------+-----
Axes           | 2 3 |  3.6
Fighting       | |  3.0
Armour         | |  2.6
Shields        | |  2.6

Action                   || total
-------------------------++-------
Melee: War axe           ||   116
Armor: Scale mail        ||    62
Dodge: Dodged            ||    86
Block: Kite shield       ||     3

Table legend: (Time is in decaauts)
 A = Elapsed time spent in this place.
 B = Non-inter-level travel time spent in this place.
 C = Inter-level travel time spent in this place.
 D = Time resting spent in this place.
 E = Time spent auto-exploring this place.
 F = Levels seen in this place.
 G = Mean time per level.
                   A        B        C        D        E       F      G
               +--------+--------+--------+--------+--------+-----+--------+
         Total |   2010 |   1937 |     73 |      0 |   1669 |   3 |  670.0 |
       Dungeon |   2010 |   1937 |     73 |      0 |   1669 |   3 |  670.0 |
               +--------+--------+--------+--------+--------+-----+--------+

Top non-repeatable levels by time:
     D:2: 1101 daAuts
     D:1: 870 daAuts
     D:3: 37 daAuts
